 Dungeon Crawl Stone Soup version 0.29-a0-11-ga75d3d97ab (console) character file.

Game seed: 17671965036973144938

23 Melian the Skirmisher (level 2, -1/27 HPs)
             Began as a Minotaur Berserker on Jan 27, 2022.
             Was a Follower of Trog.
             Slain by a gnoll (6 damage)
             ... on level 1 of the Dungeon on Jan 28, 2022.
             The game lasted 00:01:23 (788 turns).

Melian the Skirmisher (Minotaur Berserker)           Turns: 788, Time: 00:01:24

Health: -1/27      AC:  2    Str: 21    XL:     2   Next: 75%
Magic:  1/1        EV: 11    Int:  4    God:    Trog [*.....]
Gold:   24         SH:  2    Dex:  9    Spells: 1/1 levels left

rFire   . . .      SeeInvis .   a - +0 hand axe
rCold   . . .      Faith    .   e - +0 buckler
rNeg    . . .      Spirit   .   b - +0 animal skin
rPois   .          Reflect  .   (helmet restricted)
rElec   .          Harm     .   (no cloak)
rCorr   .          Rampage  .   (no gloves)
Will    .....                   (no boots)
Stlth   +.........              (no amulet)
HPRegen 0.09/turn               (no ring)
MPRegen 0.07/turn               (no ring)

@: no status effects
A: horns 2, retaliatory headbutt
a: Renounce Religion, Berserk


You were on level 1 of the Dungeon.
You worshipped Trog.
Trog was aware of your devotion.
You visited 1 branch of the dungeon, and saw 1 of its levels.

You collected 24 gold pieces.

Inventory:

Hand Weapons
 a - a +0 hand axe (weapon)
Armour
 b - a +0 animal skin (worn)
 e - a +0 buckler (worn)
Potions
 c - a potion of degeneration {unknown}
 d - a potion of haste {unknown}


   Skills:
 + Level 4.1 Fighting
 + Level 4.1 Axes
 - Level 2.7 Armour
 - Level 2.4 Dodging


You had one spell level left.
You didn't know any spells.
Your spell library was empty.

Dungeon Overview and Level Annotations

Branches:
Dungeon (1/15)

Altars:


Innate Abilities, Weirdness & Mutations

You have a pair of horns on your head.
You reflexively headbutt those who attack you in melee.


Message History

You slash the hobgoblin!
You kill the hobgoblin!
Trog accepts your kill.
You hit the endoplasm. You headbutt the endoplasm.
You kill the endoplasm!
Trog accepts your kill.
You open the door.
There is an open door here.
A bat comes into view.
You see here a +0 hunting sling.
The bat barely misses you. You furiously retaliate!
You headbutt the bat. The bat misses you. You furiously retaliate!
You headbutt the bat!
You kill the bat!
Trog accepts your kill.
You see here a +0 hunting sling.
A goblin comes into view. It is wielding a +0 dagger.
A goblin is nearby!
The goblin shouts!
The goblin hits you with a +0 dagger.
A gnoll comes into view. It is wielding a +0 club.
You slash the goblin!
You kill the goblin!
Trog accepts your kill.
Things that are here:
a +0 dagger; a goblin corpse You barely miss the gnoll.
The gnoll hits you with a +0 club.
You hit the gnoll. You headbutt the gnoll.
The gnoll is heavily wounded.
The gnoll hits you with a +0 club.
You hit the gnoll but do no damage. Your headbutt misses the gnoll.
The gnoll is heavily wounded.
The gnoll hits you with a +0 club.
You barely miss the gnoll. Your headbutt misses the gnoll.
The gnoll is heavily wounded.
The gnoll hits you with a +0 club.
* * * LOW HITPOINT WARNING * * *
You hit the gnoll.
The gnoll is severely wounded.
You block the gnoll's attack. The gnoll hits you with a +0 club.
You die...

########.###### # ##.##.#
#.........# # #..##.#
#.#..##.#.# #.#.###.#
#####.#..##.#.# #.#.###.#
....#.#.....#.# #.......#
###.#.#.......#########.#####
###.#....###..##........#
....####.#.......########
###.# #.#.#.#####
##########.#############
...............)@g......
........................
#####..###########..####
#####..### ..# #........# .#
.........#### .#
#..<..)...... . #........#...
## ####..####.## #..# # #..#


You could see a gnoll.

Vanquished Creatures
  A dart slug (D:1)
  A bat (D:1)
  2 endoplasms (D:1)
  A goblin (D:1)
  2 hobgoblins (D:1)
  3 jackals (D:1)
  A kobold (D:1)
  A quokka (D:1)
  8 frilled lizards (D:1)
20 creatures vanquished.

Vanquished Creatures (others)
  6 plants (D:1)
6 creatures vanquished.

Grand Total: 26 creatures vanquished

Notes
Turn   | Place    | Note
-------+----------+-------------------------------------------
     0 | D:1      | Melian the Minotaur Berserker began the quest for the Orb.
     0 | D:1      | Reached XP level 1. HP: 19/19 MP: 0/0
   101 | D:1      | Upgraded the game from 0.29-a0-8-g0446c0dae4 to
                  | 0.29-a0-11-ga75d3d97ab
   170 | D:1      | Reached XP level 2. HP: 15/27 MP: 1/1
   788 | D:1      | Slain by a gnoll

Illustrated notes

Levels and vault maps discovered:
D:1:      dpeg_arrival_boxes_within_box, layout_loops_cross, nrook_mini_vaults,
          minmay_lizard_king

Skill      XL: |  1  2 |
---------------+-------+-----
Fighting       | 4 |  4.1
Axes           | 4 |  4.1
Armour         | |  2.7
Dodging        | |  2.4

Action                   || total
-------------------------++-------
Melee: Hand axe          ||    49
       Headbutt          ||     7
Armor: Animal skin       ||     4
Dodge: Dodged            ||    22
Block: Buckler           ||     2

Table legend: (Time is in decaauts)
 A = Elapsed time spent in this place.
 B = Non-inter-level travel time spent in this place.
 C = Inter-level travel time spent in this place.
 D = Time resting spent in this place.
 E = Time spent auto-exploring this place.
 F = Levels seen in this place.
 G = Mean time per level.
                   A        B        C        D        E       F      G
               +--------+--------+--------+--------+--------+-----+--------+
         Total |    794 |    794 |      0 |      0 |    656 |   1 |  794.0 |
       Dungeon |    794 |    794 |      0 |      0 |    656 |   1 |  794.0 |
               +--------+--------+--------+--------+--------+-----+--------+

Top non-repeatable levels by time:
     D:1: 794 daAuts
